 Dungeon Sprint DCSS version 0.17.2-1-ge4368a0 (webtiles) character file.

110 mopl the Covert (level 4, -2/19 HPs)
             Began as a Spriggan Assassin on Aug 23, 2016.
             Was an Initiate of Trog.
             Slain by a human (8 damage)
             ... in the Dungeon (Sprint III: "The Ten Rune Challenge").
             The game lasted 00:01:17 (191 turns).

mopl the Covert (Spriggan Assassin)                  Turns: 191, Time: 00:01:17

Health: -2/19      AC:  4    Str:  7    XL:     4   Next: 61%
Magic:  5/5        EV: 17    Int: 10    God:    Trog [......]
Gold:   23         SH:  0    Dex: 18    Spells: 0 memorised, 3 levels left

rFire  . . .     SeeInvis +     a - +2 dagger
rCold  . . .     Clarity  .     c - +0 robe
rNeg   . . .     SustAt   .     (shield restricted)
rPois  .         Gourm    .     (helmet restricted)
rElec  .         Spirit   .     d - +0 cloak
rCorr  .         Warding  .     (gloves unavailable)
rMut   .         NoTele   +     (boots unavailable)
MR     +....                    (no amulet)
Stlth  +++++.....               (no ring)
                                (no ring)

@: very quick, somewhat resistant to hostile enchantments, quite stealthy
A: unfitting armour, hooves 1, horns 1, molten scales 1, see invisible, dopey 1,
herbivore 3, speed 3, frail 1, magic resistance 1, slow metabolism 2
a: Burn Spellbooks, Renounce Religion


You were in the Dungeon.
You worshipped Trog.
Trog was noncommittal.
You were not hungry.

You visited 1 branch You collected 23 gold pieces.

Inventory:

Hand Weapons
 a - a +2 dagger (weapon)
 b - a +0 blowgun
Missiles
 e - 4 poisoned needles
Armour
 c - a +0 robe (worn)
 d - a +0 cloak (worn)
Scrolls
 m - 2 scrolls of blinking
 n - 2 scrolls of remove curse {unknown}
 q - a scroll of holy word {unknown}
 r - a scroll of fog {unknown}
 u - a scroll of torment {unknown}
 v - 2 scrolls of identify
Potions
 h - a potion of curing
 i - a potion of heal wounds
 j - a potion of haste
 k - 2 potions of magic
 l - a potion of berserk rage {!q}
 o - a potion of resistance {unknown}
 s - 3 potions of cure mutation {!q}
 t - 3 potions of flight
Comestibles
 g - 2 bread rations
 w - a royal jelly


   Skills:
 - Level 1.5 Fighting
 - Level 2.1 Short Blades
 * Level 7.8 Throwing
 - Level 1.5 Dodging
 + Level 10.0 Stealth


You had 3 spell levels left.
You didn't know any spells.

Dungeon Overview and Level Annotations

Branches:
Dungeon (1/1)

Altars:
Okawaru
Trog


Innate Abilities, Weirdness & Mutations

You are tiny and cannot use many weapons and most armour.
You have supernaturally acute eyesight.
You are a herbivore.
You cover ground extremely quickly.
You need consume almost no food.
You have large cloven feet.
You have a pair of small horns on your head.
You are partially covered in molten scales (AC +1).
You are dopey. (Int -2)
You are frail (-10% HP).
You are resistant to hostile enchantments.


Message History

Aim: a human (slow, poisoned)
You shoot a poisoned needle. The poisoned needle hits the human!
The human looks even sicker.
a - a +2 dagger (weapon)
You hit the human.
The human is lightly wounded.
The human hits you.
You hit the human.
The human is lightly wounded.
The human hits you.
* * * LOW HITPOINT WARNING * * *
You hit the human. Your kick misses the human.
The human is moderately wounded.
You hit the human but do no damage. Your headbutt misses the human.
The human is moderately wounded.
The human barely misses you.
You closely miss the human. Your headbutt misses the human.
The human is heavily wounded.
The human hits you!
You die...

▓<..#...#### ##.#
▓...#......#####..#
▓..##.......#..#..#
▓##.##p##...#..#..###
##.##.###..##'#..#..
▓#.####(##..###.†.p.p
▓.###..##..####...#..
▓#...p.##..###....#.⌠
###@.##...##.....#..
##..##....#......#+#
#..###..##.#..)..#
#..# #..#####....#
▓▓▓▓ ▓▓▓▓ ▓▓▓▓▓▓


You could see a human.

Vanquished Creatures
  A water elemental (D)
  Crazy Yiuf (D)
  A human (D)
  An ooze (D)
  3 rats (D)
7 creatures vanquished.

Vanquished Creatures (others)
  A yaktaur (D)
1 creature vanquished.

Grand Total: 8 creatures vanquished

Notes
Turn   | Place    | Note
--------------------------------------------------------------
     0 | D        | mopl the Spriggan Assassin began the quest for the Orb.
     0 | D        | Reached XP level 1. HP: 10/10 MP: 2/2
     9 | D        | Reached skill level 3 in Throwing
     9 | D        | Reached skill level 6 in Stealth
    85 | D        | Killed a yaktaur
   101 | D        | Noticed Crazy Yiuf
   104 | D        | Killed Crazy Yiuf
   104 | D        | Reached skill level 5 in Throwing
   104 | D        | Reached skill level 8 in Stealth
   104 | D        | Reached XP level 2. HP: 14/14 MP: 3/3
   104 | D        | Reached XP level 3. HP: 18/18 MP: 4/4
   108 | D        | Reached skill level 6 in Throwing
   129 | D        | Gained mutation: You are frail (-10% HP). [potion of mutation]
   129 | D        | Gained mutation: You have large cloven feet. [potion of mutation]
   129 | D        | Gained mutation: You have a pair of small horns on your head. [potion of mutation]
   130 | D        | Gained mutation: You are dopey. (Int -2) [potion of mutation]
   130 | D        | Gained mutation: You are resistant to hostile enchantments. [potion of mutation]
   130 | D        | Gained mutation: You are partially covered in molten scales (AC +1). [potion of mutation]
   135 | D        | Noticed a water elemental
   138 | D        | Killed a water elemental
   138 | D        | Reached skill level 7 in Throwing
   138 | D        | Reached skill level 10 in Stealth
   138 | D        | Reached XP level 4. HP: 19/19 MP: 5/5
   144 | D        | Found an iron altar of Okawaru.
   145 | D        | Found a bloodstained altar of Trog.
   145 | D        | Noticed a human
   145 | D        | Noticed a human
   148 | D        | Became a worshipper of Trog the Wrathful
   191 | D        | Slain by a human

Action                   |  1- 3 |  4- 6 || total
-------------------------+-------+-------++-------
Melee: Dagger            |    10 |     5 ||    15
 Fire: Blowgun           |       |     6 ||     6
  Use: Potion            |     3 |       ||     3
 Stab: Sleeping          |     6 |       ||     6
